Map: Crimson Court LE

Players

soO

  • Race: Zerg Zerg
  • Spawn Location: 1:00

ByuN - Winner!

  • Race: Terran Terran
  • Spawn Location: 7:00

Event: ESL Spring 2024 Finals

VOD

Have the link to the VOD?

Description

Time

  • Played on: May 31, 2024, 6:45 p.m.
  • Length: 8:05

All games in this series

Show
View Real Time Build Order
Export as new Build Order

soO Zerg 

Build Orders: Hatch First 

Get SALT Encoding   

  12  0:00  Drone  
  13  0:12  Overlord  
  13  0:17  Drone  
  14  0:30  Drone x2  
  16  0:47  Hatchery  
  15  0:51  Drone  
  15  0:55  Drone  
  17  0:58  Drone  
  18  1:10  Extractor  
  17  1:13  Spawning Pool  
  17  1:16  Drone  
  17  1:20  Drone  
  18  1:27  Drone  
  19  1:39  Drone  
  20  1:49  Drone  
  21  1:59  Queen x2  
  21  2:00  Zergling x4  
  27  2:10  Overlord  
  27  2:11  Metabolic Boost  
  27  2:13  Zergling x2  
  27  2:32  Drone x2  
  27  2:33  Drone  
  27  2:36  Queen  
  31  2:38  Queen  
  31  2:39  Overlord  
  33  2:49  Drone x2  
  35  2:58  Drone x2  
  35  3:03  Drone  
  35  3:04  Drone  
  39  3:09  Drone x3  
  42  3:15  Drone  
  42  3:17  Overlord  
  43  3:27  Drone  
  43  3:29  Overlord  
  43  3:30  Hatchery  
  43  3:35  Queen  
  43  3:38  Drone x2  
  43  3:40  Queen  
  49  3:44  Drone x3  
  49  3:48  Drone x2  
  54  3:59  Drone x2  
  56  4:05  Drone x3  
  56  4:06  Extractor  
  58  4:14  Drone x2  
  60  4:19  Overlord  
  60  4:26  Overlord  
  60  4:28  Overlord  
  60  4:32  Queen, Overlord, Evolution Chamber  
  60  4:33  Evolution Chamber  
  60  4:34  Overlord  
  60  4:38  Overlord  
  60  4:39  Drone x3  
  60  4:41  Queen  
  60  4:42  Drone  
  60  4:44  Drone  
  67  4:48  Zergling x8  
  71  4:54  Drone x2  
  71  4:57  Drone  
  74  5:04  Drone x2  
  74  5:05  Zerg Melee Weapons Level 1, Zerg Ground Armor Level 1  
  74  5:06  Drone  
  77  5:09  Drone  
  77  5:10  Drone x2  
  80  5:16  Drone x3  
  80  5:20  Drone x2  
  85  5:21  Queen  
  85  5:22  Extractor  
  85  5:23  Extractor  
  85  5:25  Drone x2, Lair  
  85  5:26  Drone x3  
  90  5:30  Overlord  
  90  5:33  Baneling Nest  
  89  5:37  Hatchery  
  89  5:41  Overlord  
  89  5:42  Zergling x8  
  92  5:46  Extractor  
  91  5:56  Drone x3  
  94  5:57  Zergling x2  
  94  5:58  Zergling x10  
  94  6:03  Zergling x4  
  102  6:07  Zergling x8  
  102  6:11  Zergling x4  
  108  6:20  Zergling x2  
  108  6:22  Baneling  
  108  6:23  Baneling x6  
  108  6:24  Zergling x4  
  111  6:29  Zergling x8  
  113  6:36  Zergling x14  
  94  6:42  Zergling x2  
  94  6:45  Queen x2  
  94  6:46  Zergling x2  
  91  6:48  Zergling x2  
  91  6:49  Zergling x4, Queen  
  91  6:54  Zergling x6  
  91  7:01  Zergling x2  
  89  7:03  Zergling x2  
  89  7:05  Zergling x2  
  89  7:06  Zergling x2  
  89  7:07  Zergling x2  
  77  7:11  Zergling x6  
  70  7:16  Queen  
  70  7:17  Drone  
  70  7:20  Baneling x2, Queen  
  70  7:21  Baneling x2, Queen  
  77  7:24  Queen  
  77  7:25  Drone x3  
  77  7:29  Drone  
  83  7:30  Baneling x3  
  83  7:34  Drone x3  
Show
View Real Time Build Order
Export as new Build Order

ByuN Terran - Winner!

Build Orders:  

Get SALT Encoding   

  12  0:00  SCV  
  13  0:12  SCV  
  14  0:17  Supply Depot  
  14  0:24  SCV  
  15  0:38  SCV  
  15  0:39  Barracks  
  16  0:43  Refinery  
  16  0:51  SCV  
  17  0:59  Barracks  
  17  1:03  SCV  
  18  1:15  SCV  
  19  1:26  Reaper  
  19  1:27  Orbital Command  
  19  1:31  Supply Depot  
  20  1:46  Reaper  
  21  1:53  SCV  
  22  2:02  Reaper  
  22  2:05  SCV  
  24  2:10  Command Center  
  24  2:17  SCV, Refinery  
  25  2:29  SCV  
  27  2:41  SCV  
  27  2:46  Factory  
  27  2:51  Barracks Reactor  
  27  2:53  SCV  
  28  3:01  Command Center  
  28  3:05  Barracks Tech Lab, SCV  
  29  3:17  SCV  
  30  3:22  Orbital Command  
  30  3:29  SCV  
  30  3:33  Marine  
  32  3:37  Barracks Reactor  
  32  3:39  Hellion x2  
  36  3:42  SCV  
  37  3:49  SCV  
  37  3:50  Marine  
  37  3:53  Engineering Bay  
  37  3:54  SCV, Engineering Bay  
  40  4:01  SCV  
  41  4:03  Hellion  
  41  4:05  Hellion  
  41  4:06  SCV  
  46  4:13  SCV  
  46  4:14  Orbital Command  
  47  4:18  SCV  
  47  4:21  Marine x3  
  47  4:24  Terran Infantry Weapons Level 1  
  51  4:26  Terran Infantry Armor Level 1  
  51  4:31  Stimpack  
  52  4:34  SCV x2  
  52  4:38  Starport  
  53  4:43  Supply Depot, Marine x2  
  53  4:44  Marine  
  56  4:47  SCV x2  
  56  4:49  SCV  
  59  4:58  Supply Depot  
  60  5:00  SCV x2  
  60  5:02  Orbital Command  
  60  5:04  Marine x3  
  60  5:05  Hellion x2  
  69  5:12  SCV  
  69  5:13  Supply Depot  
  69  5:18  Armory  
  69  5:19  SCV  
  70  5:25  Marine x3  
  73  5:29  SCV x2  
  73  5:32  SCV  
  73  5:35  Medivac x2  
  80  5:36  Supply Depot, Factory Tech Lab  
  80  5:41  SCV, Refinery  
  80  5:42  SCV, Refinery  
  82  5:44  SCV  
  82  5:48  Barracks  
  82  5:49  Marine x2  
  85  5:58  SCV x3, Siege Tank  
  85  6:00  Marine  
  85  6:01  Supply Depot  
  92  6:10  SCV  
  93  6:17  Combat Shield  
  93  6:22  Marine x3  
  93  6:23  SCV x3  
  99  6:32  Barracks  
  99  6:34  Barracks  
  99  6:35  SCV x3, Marine  
  96  6:40  Marine x3  
  97  6:47  SCV x3  
  97  6:53  Marine  
  100  6:57  Supply Depot, Refinery  
  100  6:58  Supply Depot x2, Marine  
  101  7:01  SCV, Marine  
  101  7:02  SCV x2, Marine  
  101  7:03  Siege Tank  
  100  7:14  SCV x3  
  100  7:16  Marine  
  100  7:19  Marine  
  100  7:20  Marine, Barracks Reactor  
  100  7:21  Barracks Reactor  
  102  7:26  Barracks Reactor  
  102  7:29  SCV, Command Center  
  105  7:32  Medivac x2  
  105  7:34  Marine  
  105  7:37  Marine  
  109  7:38  Marine  
  109  7:39  Barracks  
  109  7:40  Barracks  
  109  7:41  Barracks  
  111  7:46  SCV  
Tags
 
Add a new tag
Caveats
  • Supply blocks, unpowered buildings, or Contaminate may cause inaccurate times.
  • Supply counts are checked every 10 seconds.